AoeStats
← 123

Lombardia

508541183Analyzed
4v4 RM · 8d ago on Sep 22, 2026· 49m 43s· 8 players
Game mode
Random Map
Map size
Large (8 player)
Population
200
Speed
Normal
Resources
Standard
Victory
Conquest
Starting age
Dark Age
Ending age
Imperial Age
RankedLock teamsTeams togetherTeam positionsShared explorationLock speedFull tech treeHidden civsTurbo modeCheats
Victory
Defeat
🇲🇽 Berbers · Mexico
1111
+14
🇲🇽 Wu · Mexico
1068
+16
🇲🇽 Gurjaras · Mexico
1022
+18
🇪🇸 Sicilians · Spain
955
+21
🇨🇱 Goths · Chile
1078
-18
🇲🇽 Spanish · Mexico
1067
-17
🇪🇨 Malay · Ecuador
1055
-17
🇨🇱 Cumans · Chile
1049
-17
marcobecerrap
11:01 Feudal Age
11:38 Double-Bit Axe
12:29 Wheelbarrow
16:22 Castle Age
16:35 Horse Collar
16:46 Stone Mining
17:17 Bow Saw
24:11 Loom
27:15 Hand Cart
31:17 Imperial Age
29:17 Town Watch
29:39 Fletching
30:24 Bloodlines
30:14 Husbandry
30:42 Gold Mining
30:56 Heavy Plow
31:24 Bodkin Arrow
33:19 Two-Man Saw
33:26 Bracer
33:26 Padded Archer Armor
33:50 Forging
34:05 Cavalier
34:13 Elite Skirmisher
35:47 Thumb Ring
37:49 Leather Archer Armor
38:10 Iron Casting
38:29 Fortified Wall
38:40 Ballistics
39:21 Chemistry
38:28 Scale Barding Armor
39:24 Stone Shaft Mining
39:03 Town Patrol
40:17 Conscription
39:27 Capped Ram
39:47 Pikeman
40:27 Squires
40:13 Arson
40:25 Halberdier
47:16 Blast Furnace
46:17 Scale Mail Armor
46:47 Ring Archer Armor
46:38 Chain Barding Armor
Al3tas0
11:12 Feudal Age
17:52 Castle Age
16:33 Loom
17:23 Wheelbarrow
16:37 Double-Bit Axe
16:54 Horse Collar
18:19 Bow Saw
23:26 Heavy Plow
24:39 Gold Mining
27:59 Forging
27:40 Fletching
28:09 Hand Cart
28:20 Crossbowman
32:28 Imperial Age
30:27 Thumb Ring
31:15 Stone Mining
32:03 Bodkin Arrow
33:11 Chemistry
32:35 Conscription
33:06 Crop Rotation
32:40 Arbalester
33:29 Padded Archer Armor
34:56 Caravan
35:50 Stone Shaft Mining
35:50 Gold Shaft Mining
36:22 Squires
37:37 Ballistics
39:37 Husbandry
39:59 Bracer
40:34 Iron Casting
39:39 Light Cavalry
39:58 Elite Skirmisher
41:04 Scale Barding Armor
41:16 Leather Archer Armor
41:43 Pikeman
42:09 Arson
42:24 Elite Battle Elephant
45:23 Ring Archer Armor
123
11:44 Feudal Age
14:25 Double-Bit Axe
18:25 Loom
25:43 Castle Age
28:29 Bow Saw
28:02 Horse Collar
28:23 Capped Ram
37:28 Imperial Age
36:58 Crossbowman
37:48 Thumb Ring
38:07 Fletching
38:19 Padded Archer Armor
38:26 Scale Barding Armor
38:57 Siege Ram
39:54 Bodkin Arrow
40:15 Leather Archer Armor
40:33 Chain Barding Armor
42:33 Elite Kipchak
46:27 Cuman Mercenaries
49:06 Conscription
49:13 Conscription
48:33 Pikeman
50:09 Plate Barding Armor
50:04 Ring Archer Armor
Slade One
1:50 Loom
12:01 Feudal Age
13:03 Horse Collar
13:15 Double-Bit Axe
13:58 Man-at-Arms
17:52 Forging
18:43 Scale Mail Armor
25:03 Castle Age
26:27 Long Swordsman
27:08 Squires
27:45 Iron Casting
28:13 Bow Saw
28:08 Heavy Plow
28:01 Gold Mining
30:49 Wheelbarrow
30:00 Town Watch
32:01 Stone Mining
32:31 Chain Mail Armor
33:16 Hand Cart
34:07 Stone Shaft Mining
38:48 Imperial Age
37:07 Anarchy
38:24 Pikeman
38:53 Two-Handed Swordsman
38:57 Elite Huskarl
39:57 Conscription
41:21 Blast Furnace
43:28 Two-Man Saw
42:45 Halberdier
46:27 Perfusion
[GDL]Dunitrid
11:15 Feudal Age
15:36 Castle Age
14:02 Double-Bit Axe
14:01 Horse Collar
15:48 Loom
17:46 Bow Saw
20:41 Wheelbarrow
27:10 Caravan
28:19 Hand Cart
30:19 Town Watch
30:37 Heavy Plow
30:30 Gold Mining
30:31 Stone Mining
32:04 Gold Shaft Mining
34:26 Imperial Age
32:05 Fletching
33:22 Padded Archer Armor
33:18 Bodkin Arrow
33:34 Forging
33:24 Scale Mail Armor
34:11 Coinage
34:01 Husbandry
34:12 Bloodlines
35:14 Bracer
35:19 Scale Barding Armor
35:00 Treadmill Crane
36:18 Crop Rotation
35:36 Heavy Camel Rider
36:57 Iron Casting
36:50 Masonry
37:16 Conscription
37:57 Elite Camel Archer
38:38 Maghrebi Camels
38:39 Kasbah
39:45 Chain Barding Armor
40:26 Blast Furnace
39:41 Chain Mail Armor
39:42 Leather Archer Armor
41:36 Fortified Wall
42:28 Chemistry
41:50 Ballistics
43:15 Plate Barding Armor
45:38 Cavalier
46:49 Plate Mail Armor
46:50 Ring Archer Armor
47:49 Siege Engineers
47:35 Heated Shot
47:41 Murder Holes
47:37 Guard Tower
47:33 Arrowslits
49:32 Light Cavalry
Bailador Sensual
13:47 Feudal Age
12:09 Loom
18:40 Castle Age
16:40 Double-Bit Axe
16:40 Horse Collar
16:59 Stone Mining
20:17 Heavy Plow
20:30 Bow Saw
31:33 Wheelbarrow
31:48 Town Watch
32:48 Hand Cart
33:25 Kshatriyas
34:19 Caravan
39:39 Imperial Age
38:41 Gold Mining
39:28 Stone Shaft Mining
40:26 Forging
40:17 Scale Mail Armor
40:23 Elite Chakram Thrower
41:25 Conscription
43:11 Iron Casting
42:52 Chain Mail Armor
47:20 Gold Shaft Mining
48:47 Plate Mail Armor
eeliaaaas
9:34 Loom
11:20 Feudal Age
15:55 Castle Age
14:43 Double-Bit Axe
17:44 Bow Saw
18:23 Gold Mining
19:02 Horse Collar
20:52 Fletching
22:11 Bodkin Arrow
24:35 Heavy Plow
25:11 Gold Shaft Mining
26:22 Wheelbarrow
26:49 Padded Archer Armor
27:58 Hand Cart
27:44 Town Watch
30:40 Ballistics
30:24 Town Patrol
35:13 Imperial Age
33:08 Caravan
34:47 Leather Archer Armor
37:41 Two-Man Saw
36:50 Red Cliffs Tactics
37:13 Conscription
37:50 Bracer
38:00 Forging
37:56 Scale Barding Armor
37:57 Sitting Tiger
38:04 Sitting Tiger
38:25 Elite Fire Archer
41:05 Stone Mining
42:51 Iron Casting
43:21 Chemistry
44:04 Pikeman
44:45 Squires
44:31 Arson
46:19 Husbandry
46:29 Bloodlines
47:47 Heavy Hei Guang Cavalry
47:49 Light Cavalry
NathiousEsp
0:37 Loom
11:40 Feudal Age
14:49 Double-Bit Axe
19:43 Castle Age
18:40 Wheelbarrow
17:50 Town Watch
19:01 Horse Collar
30:57 Heavy Plow
36:17 Imperial Age
34:04 Hand Cart
33:52 Town Patrol
33:48 Fletching
33:59 Scale Mail Armor
34:09 Forging
34:23 Ballistics
33:58 Murder Holes
35:58 Bodkin Arrow
35:58 Stone Mining
36:31 Masonry
36:36 Capped Ram
37:32 Siege Ram
40:46 Siege Engineers
40:27 Arrowslits
41:46 Chemistry
42:08 Pikeman
45:00 Elite Serjeant
48:41 Conscription
Connection lost

Rejoining the realm…

Still unreachable

The connection could not be restored.

Session expired

The server has moved on; the page needs a fresh start.